 Dungeon Crawl Stone Soup version 0.30-a0-1074-g5db6f66fbb (webtiles) character file.

Game seed: 11291355272801651054

248 quinnr the Gusty (level 6, -2/52 HPs)
             Began as a Tengu Air Elementalist on Apr 13, 2023.
             Slain by an orc
             ... wielding a +2 falchion of holy wrath
              (6 damage)
             ... on level 3 of the Dungeon.
             The game lasted 00:09:09 (4150 turns).

quinnr the Gusty (Tengu Air Elementalist)           Turns: 4150, Time: 00:09:09

Health: -2/52      AC: 23    Str:  9    XL:     6   Next: 12%
Magic:  5/10       EV:  2    Int: 17    God:
Gold:   210        SH:  5    Dex: 14    Spells: 9/10 levels left

rFire   + . .      SeeInvis .    a - +3 dagger (venom)
rCold   . . .      Faith    .    (no shield)
rNeg    . . .      Spirit   .    d - melded +0 robe
rPois   +          Reflect  +    (helmet currently unavailable)
rElec   .          Rampage  .    (cloak currently unavailable)
rCorr   .          NoTele   +    (gloves currently unavailable)
Will    .....                    (boots unavailable)
Stlth   +++                      c - amulet "Qarienug" {Reflect rPois rF+ SH+5}
HPRegen 0.28/turn                (no ring)
MPRegen 0.12/turn                (no ring)

@: tree-form
A: stationary, stasis, torment immunity, boosted hp, (beak), (talons 3), nimble
flight
a: no special abilities


You were on level 3 of the Dungeon.
You were a tree.
You visited 1 branch of the dungeon, and saw 4 of its levels.

You collected 210 gold pieces.


Innate Abilities, Weirdness & Mutations

You are a tree.
Your roots penetrate the ground, keeping you stationary.
You cannot be teleported.
You are immune to unholy pain and torment.
Your maximum health is greatly increased.
Your equipment is partially melded.
((You have a beak for a mouth.))
((You have claws for feet.))
Your magical nature lets you fly swiftly and evasively.


   Skills:
 - Level 2.0 Fighting
 - Level 4.0 Dodging
 - Level 4.0 Stealth
 + Level 2.5 Spellcasting
 + Level 2.6 Conjurations
 + Level 4.6 Air Magic


You had 9 spell levels left.
You knew the following spells:

 Your Spells              Type           Power      Damage    Failure   Level
z - Shock                 Conj/Air       56%        1d6       4%          1

Your spell library contained the following spells:

 Spells                   Type           Power      Damage    Failure   Level
 Static Discharge         Conj/Air       28%        2-4/arc   6%          2
 Swiftness                Air            17%        N/A       9%          3
 Beastly Appendage        Tmut           4%         N/A       19%         1
 Airstrike                Air            8%         2d(2-18)  26%         4
 Wereblood                Tmut           2%         N/A       28%         2
 Spider Form              Tmut/Pois      2%         N/A       50%         3

Inventory:

Hand Weapons
 a - a +3 dagger of venom (weapon)
 q - a +1 spectral dagger
 r - a +1 dagger of protection
Missiles
 i - 2 datura-tipped darts
Armour
 d - a +0 robe (melded)
Jewellery
 c - the amulet "Qarienug" (around neck) {Reflect rPois rF+ SH+5}
   (You acquired it on level 2 of the Dungeon)

   [amulet of reflection]

   It reflects blocked missile attacks.
   rF:        It protects you from fire.
   rPois:     It protects you from poison.
   SH:        It affects your SH (+5).
 f - an amulet of reflection
Wands
 p - a wand of iceblast (2)
Scrolls
 e - 3 scrolls of immolation {unknown}
 h - a scroll of enchant weapon {unknown}
 k - 2 scrolls of blinking {unknown}
 n - a scroll of vulnerability {unknown}
 o - a scroll of silence {unknown}
 t - a scroll of amnesia {unknown}
 x - a scroll of fear {unknown}
Potions
 b - a potion of magic
 j - a potion of attraction
 l - a potion of might
 m - 4 potions of haste {@q3}
 s - a potion of ambrosia {unknown}
 u - a potion of heal wounds {unknown}
 w - a potion of lignification

Dungeon Overview and Level Annotations

Branches:
Dungeon (4/15)
 Temple: D:4-7

Altars:
Dithmenos
Yredelemnul

...♣.♣..# #.# .♣..♣.♣.# #.#
♣♣♣♣♣♣.## #.# ♣...♣♣♣.# #.#
.♣♣♣.♣♣.# #.# ♣♣♣.♣♣♣♣# #.#
♣♣.♣♣♣♣ #.#
♣...♣.♣######.####
♣♣♣⚑.♣♣.......))♣#
♣♣♣♣♣♣♣#########o#
..♣.♣♣♣.# #.# ........# #.#
######.## #.# ######.# #.#
....<#.# #.# ######.# #.#
#.#########.###############


You could see an orc (very poisoned).


Message History

Aiming: Shock (safe; 4% risk of failure)
Press: ? - help, Shift-Dir - straight line The zap misses the iguana.
You block the orc's attack. You block the iguana's attack.
Unknown command.
Casting: Shock (safe; 4% risk of failure)
Confirm with . or Enter, or press ? or * to list all spells.
Aiming: Shock (safe; 4% risk of failure)
Press: ? - help, Shift-Dir - straight line The zap hits the iguana.
The iguana is almost dead.
The orc hits you but does no damage. The iguana bites you.
* * * LOW HITPOINT WARNING * * *
Unknown command.
Casting: Shock (safe; 4% risk of failure)
Confirm with . or Enter, or press ? or * to list all spells.
Aiming: Shock (safe; 4% risk of failure)
Press: ? - help, Shift-Dir - straight line The zap hits the iguana.
You kill the iguana!
The orc hits you but does no damage.
Unknown command.
You closely miss the orc.
The orc is lightly wounded.
The orc hits you with a +2 falchion of holy wrath.
* * * LOW HITPOINT WARNING * * *
You hit the orc.
The orc is poisoned.
The orc is moderately wounded.
The orc hits you with a +2 falchion of holy wrath.
You die...

Skill      XL: |  1  2  3  4  5 |
---------------+----------------+-----
Dodging        | 3 4 |  4.0
Stealth        | 3 4 |  4.0
Fighting       | 1 2 |  2.0
Conjurations   | 2 |  2.6
Spellcasting   | |  2.5
Air Magic      | |  4.6

Action                     |  1- 3 |  4- 6 || total
---------------------------+-------+-------++-------
  Melee: Dagger            |     3 |    14 ||    17
         Kick              |     1 |     4 ||     5
   Cast: Shock             |    68 |   129 ||   197
    Use: Scroll            |       |     6 ||     6
         Potion            |       |     2 ||     2
 Armour: Robe              |     2 |     1 ||     3
         Skin              |       |     6 ||     6
  Dodge: Dodged            |     9 |    26 ||    35
  Block: Other             |       |    10 ||    10

Levels and vault maps discovered:
D:1:      ncdulo_halloftheorcs, layout_basic, minmay_misc_feat_tiny,
          nicolae_concentric_dashed_squares_wild, nrook_campfire,
          minmay_misc_feat_iff, columned_hall_lemuel
D:2:      layout_basic, basic_altar, uniq_jessica
D:3:      layout_basic, mainiacjoe_overflow_concentric_impassable,
          chequers_ecumenical_altar_grove, grunt_decor_one_mirror,
          minmay_close_crescents
D:4:      layout_cave_pools, good_gods_mini_temple

Notes
Turn   | Place    | Note
-------+----------+-------------------------------------------
     0 | D:1      | quinnr the Tengu Air Elementalist began the quest for the
                  | Orb.
     0 | D:1      | Reached XP level 1. HP: 10/10 MP: 4/4
   269 | D:1      | Reached XP level 2. HP: 15/15 MP: 1/6
   646 | D:1      | Reached skill level 3 in Dodging
   854 | D:1      | Reached XP level 3. HP: 19/19 MP: 5/7
  1096 | D:1      | Reached skill level 3 in Stealth
  1499 | D:2      | Found a shadowy altar of Dithmenos.
  1582 | D:2      | Reached XP level 4. HP: 11/24 MP: 0/8
  2115 | D:2      | Noticed Jessica
  2382 | D:2      | Identified a scroll of acquirement
  2384 | D:2      | Acquired the amulet "Qarienug" {Reflect rPois rF+ SH+5}
  2435 | D:2      | Reached skill level 4 in Dodging
  2572 | D:2      | Killed Jessica
  2573 | D:2      | Reached skill level 4 in Stealth
  2573 | D:2      | Reached skill level 1 in Fighting
  2573 | D:2      | Gained mutation: Your magical nature lets you fly swiftly
                  | and evasively. [Tengu growth]
  2573 | D:2      | Reached XP level 5. HP: 29/29 MP: 6/9
  2757 | D:3      | Found a faded altar of an unknown god.
  3138 | D:3      | Found a basalt altar of Yredelemnul.
  3248 | D:3      | Reached skill level 2 in Fighting
  3933 | D:3      | Reached skill level 2 in Conjurations
  4146 | D:3      | Reached XP level 6. HP: 11/35 MP: 7/10
  4149 | D:3      | HP: 4/52 [orc/+2 falchion of holy wrath (3)]
  4150 | D:3      | Slain by an orc

Vanquished Creatures
  An orc priest (D:3)
  Jessica (D:2)
  2 iguanas
  An orc wizard (D:3)
  3 adders (D:2)
  A worm (D:3)
  4 dart slugs
  6 orcs
  5 ball pythons
  11 endoplasms
  2 giant cockroaches (D:3)
  4 goblins
  8 hobgoblins
  3 jackals (D:3)
  3 quokkas
  A bat (D:3)
  4 frilled lizards
  7 kobolds
  5 rats
72 creatures vanquished.

Table legend: (Time is in decaauts)
 A = Elapsed time spent in this place.
 B = Non-inter-level travel time spent in this place.
 C = Inter-level travel time spent in this place.
 D = Time resting spent in this place.
 E = Time spent auto-exploring this place.
 F = Levels seen in this place.
 G = Mean time per level.
                   A        B        C        D        E       F      G
               +--------+--------+--------+--------+--------+-----+--------+
         Total |   4084 |   3999 |     85 |    670 |   2773 |   4 | 1021.0 |
       Dungeon |   4084 |   3999 |     85 |    670 |   2773 |   4 | 1021.0 |
               +--------+--------+--------+--------+--------+-----+--------+

Top non-repeatable levels by time:
     D:3: 1425 daAuts
     D:1: 1356 daAuts
     D:2: 1296 daAuts
     D:4: 6 daAuts

Table legend:
 A = Non-vault XP
 B = Vault XP
 C = Vault XP percentage of total XP
 D = Non-vault monster count
 E = Vault monster count
 F = Vault count percentage of total count
                 A         B        C        D         E       F
            +---------+---------+-------+---------+---------+-------
      Total |     312 |      43 |  12.1 |      68 |       4 |   5.6
            +---------+---------+-------+---------+---------+-------
        D:1 |      43 |       0 |   0.0 |      21 |       0 |   0.0
        D:2 |      98 |      37 |  27.4 |      16 |       1 |   5.9
        D:3 |     168 |       6 |   3.4 |      30 |       3 |   9.1
        D:4 |       3 |       0 |   0.0 |       1 |       0 |   0.0
            +---------+---------+-------+---------+---------+-------
